 Dungeon Crawl Stone Soup version 0.28.0-53-g5a82cb258f (webtiles) character file.

Game seed: 17618744311569460793

74 BuzzyBeetle the Bolt Thrower (level 4, -1/25 HPs)
             Began as a Kobold Arcane Marksman on Aug 8, 2022.
             Slain by an orc priest
             ... wielding a +0 mace
              (3 damage)
             ... on level 3 of the Dungeon.
             The game lasted 00:04:53 (1995 turns).

BuzzyBeetle the Bolt Thrower (KoAM)                 Turns: 1995, Time: 00:04:53

Health: -1/25      AC:  2    Str:  7    XL:     4   Next: 52%
Magic:  4/5        EV: 15    Int: 14    God:
Gold:   106        SH:  0    Dex: 17    Spells: 3/5 levels left

rFire   . . .      SeeInvis .   e - +0 dagger
rCold   . . .      Faith    .   (no shield)
rNeg    . . .      Spirit   .   d - +0 robe
rPois   .          Reflect  .   (no helmet)
rElec   .          Harm     .   (no cloak)
rCorr   .          Rampage  .   (no gloves)
Will    .....                   (no boots)
Stlth   +++.......              (no amulet)
HPRegen 0.08/turn               (no ring)
MPRegen 0.09/turn               (no ring)

@: no status effects
A: small, no large weapons, nightstalker 3
a: no special abilities


You were on level 3 of the Dungeon.
You visited 1 branch of the dungeon, and saw 4 of its levels.

You collected 106 gold pieces.

Inventory:

Hand Weapons
 a - a +0 hand crossbow
 e - a +0 dagger (weapon)
Missiles
 b - 4 poisoned darts
Armour
 d - a +0 robe (worn)
Scrolls
 f - a scroll of blinking {unknown}
 h - a scroll of teleportation {unknown}
 i - a scroll of identify {unknown}
Potions
 g - a potion of haste {unknown}
 j - a potion of brilliance {unknown}


   Skills:
 + Level 1.3 Fighting
 + Level 4.3 Crossbows
 + Level 2.6 Dodging
 + Level 0.1 Stealth
 + Level 1.1 Spellcasting
 + Level 3.7 Hexes


You had 3 spell levels left.
You knew the following spells:

 Your Spells              Type           Power      Damage    Failure   Level
a - Slow                  Hex            44%        N/A       5%          1
b - Freeze                Ice            0%         1d3       26%         1

Your spell library contained the following spells:

 Spells                   Type           Power      Damage    Failure   Level
 Inner Flame              Hex/Fire       6%         N/A       34%         3
 Portal Projectile        Hex/Tloc       12%        N/A       34%         3
 Frozen Ramparts          Ice            0%         1d2       61%         3
 Cause Fear               Hex            5%         N/A       50%         4
 Hailstorm                Conj/Ice       0%         3d3       95%         4


Dungeon Overview and Level Annotations

Branches:
Dungeon (4/15)
 Temple: D:4-7

Altars:

Shops:
D:3 ?


Innate Abilities, Weirdness & Mutations

You are small and have problems with some larger weapons.
You are completely attuned to the shadows.


Message History

Aim: an orc, wielding a +0 dagger (chance to affect: 67%)
The orc seems to slow down.
Fire: bolt
Press: ? - help, Q - select action, (/) - cycle Shift-Dir - straight line, f/p - orc
Aim: an orc, wielding a +0 dagger (slow, 65% to hit)
You shoot a bolt. The bolt barely misses the orc.
Unknown command.
e - a +0 dagger (weapon)
The orc barely misses you.
You hit the orc but do no damage. The orc barely misses you.
An orc priest comes into view. It is wielding a +0 mace.
You closely miss the orc. The orc hits you with a +0 dagger.
The orc misses you.
You barely miss the orc. The orc hits you with a +0 dagger.
You hit the orc.
The orc is heavily wounded.
The orc priest looks braver for a moment.
The orc completely misses you. The orc hits you with a +0 dagger.
Casting: Slow (safe; 5% risk of failure)
Confirm with . or Enter, or press ? or * to list all spells.
Aiming: Slow (safe; 5% risk of failure)
Press: ? - help, Shift-Dir - straight line, f - orc, p - orc
Aim: an orc, wielding a +2 flail of protection and wearing a +0 leather armour (chance to affect: 67%)
The orc seems to slow down.
You hit the orc.
The orc is severely wounded.
The orc priest closely misses you.
The orc hits you with a +2 flail of protection.
The orc closely misses you.
You hit the orc.
You kill the orc!
The orc priest closely misses you. The orc closely misses you.
You hit the orc priest but do no damage.
The orc priest barely misses you.
You barely miss the orc priest. The orc priest hits you with a +0 mace.
The orc hits you with a +2 flail of protection.
* * * LOW HITPOINT WARNING * * *
You hit the orc priest but do no damage.
The orc priest hits you with a +0 mace.
You die...

#.# ##.#
.. #..#
.. #.##
.. #.# ..
#.# ..
###.# ..
##...# ..
#⌠@)## ##
....oo)(.
###⌠.⌠###
##..#
#.##


You could see an orc priest and an orc (slow).

Vanquished Creatures
  2 adders (D:2)
  A dart slug (D:1)
  3 orcs (D:3)
  5 endoplasms
  2 giant cockroaches (D:1)
  2 goblins
  5 hobgoblins
  3 jackals (D:1)
  5 kobolds
  4 quokkas
  3 ball pythons
  4 bats
  2 frilled lizards (D:1)
  7 rats
48 creatures vanquished.

Notes
Turn   | Place    | Note
-------+----------+-------------------------------------------
     0 | D:1      | BuzzyBeetle the Kobold Arcane Marksman began the quest for
                  | the Orb.
     0 | D:1      | Reached XP level 1. HP: 12/12 MP: 2/2
   124 | D:1      | Reached XP level 2. HP: 16/16 MP: 3/3
   225 | D:1      | Reached skill level 3 in Crossbows
   392 | D:1      | Reached XP level 3. HP: 15/20 MP: 4/4
  1237 | D:2      | Reached XP level 4. HP: 25/25 MP: 5/5
  1644 | D:2      | Reached skill level 4 in Crossbows
  1853 | D:2      | Found a faded altar of an unknown god.
  1913 | D:3      | You fall into a shaft and drop 1 floor!
  1938 | D:4      | Learned a level 1 spell: Freeze
  1973 | D:3      | Found Noimip's Magic Scroll Boutique.
  1995 | D:3      | Slain by an orc priest

Illustrated notes

Levels and vault maps discovered:
D:1:      dpeg_arrival_shrine, layout_basic
D:2:      layout_rooms, dilly_ecumenical_altar_fadedgnrine
D:3:      minmay_spotlight, layout_loops_ring, serial_shops, shop_fountains,
          uniq_natasha, uniq_robin
D:4:      layout_loops_ring

Skill      XL: |  1  2  3  4 |
---------------+-------------+-----
Crossbows      | 3 4 |  4.3
Fighting       | |  1.3
Dodging        | |  2.6
Stealth        | |  0.1
Spellcasting   | |  1.1
Hexes          | |  3.7

Action                   |  1- 3 |  4- 6 || total
-------------------------+-------+-------++-------
Melee: Dagger            |       |     9 ||     9
 Fire: Hand crossbow     |    68 |    27 ||    95
 Cast: Slow              |     3 |     5 ||     8
Armor: Robe              |     3 |     2 ||     5
Dodge: Dodged            |    11 |    13 ||    24
